 Dungeon Crawl Stone Soup version 0.17-a0-776-gd86b262 (webtiles) character file.

378342 panicbit the Executioner (level 21, 0/203 HPs)
             Began as a Minotaur Fighter on Apr 24, 2015.
             Was the Champion of Okawaru.
             Slain by a stone giant (16 damage)
             ... on level 5 of the Vaults.
             The game lasted 04:58:25 (48459 turns).

panicbit the Executioner (Minotaur Fighter)        Turns: 48459, Time: 04:58:26

Health: 0/203      AC: 40    Str: 26    XL:     21   Next: 49%
Magic:  33/33      EV: 15    Int:  9    God:    Okawaru [******]
Gold:   109        SH:  0    Dex: 24    Spells: 0 memorised, 20 levels left

rFire  + + .     SeeInvis .     E - +9 broad axe (venom)
rCold  x . .     Clarity  .     t - +8 plate armour {ponderous}
rNeg   + . .     SustAb   .     T - +2 large shield
rPois  +         Gourm    .     U - +0 hat "Ocloon" {Str+3}
rElec  +         Spirit   .     D - +1 cloak of Incorporation {+Inv rF+ Int+4 Dex+2}
rCorr  +         Warding  .     X - +2 pair of gloves
rMut   .         Stasis   .     A - +1 pair of boots of the Stag {rPois rN+ MP+9}
MR     ++++.                    l - amulet of resist corrosion
Stlth  ..........               b - ring "Domuqoo" {+Blink rF+ AC+1 Dex+5}
                                Y - ring of Ila Dekh {rElec rC- MR+++ AC+5 Dex-3}

@: confused, very slightly contaminated, hasted, very quick, incredibly
resistant to hostile enchantments, extremely unstealthy
A: retaliatory headbutt, hooves 1, horns 2, thin skeletal structure 1
a: Heroism, Finesse, Renounce Religion, Evoke Blink, Evoke Invisibility
}: 3/15 runes: barnacled, silver, gossamer


You were on level 5 of the Vaults.
You worshipped Okawaru.
Okawaru was exalted by your worship.
You were not hungry.

You visited 9 branches of the dungeon, and saw 47 of its levels.
You also visited: Labyrinth, Ossuary, Bailey and Volcano.

You collected 6154 gold pieces.
You spent 6045 gold pieces at shops.

Inventory:

Hand weapons
 C - the +8 flail of the Common Good {venom, *Rage rElec Str+7}
   (Okawaru gifted it to you on level 1 of the Vaults)

   It poisons the flesh of those it strikes.
   It affects your strength (+7).
   It insulates you from electricity.
   It may make you go berserk in combat.
 E - a +9 broad axe of venom (weapon)
Armour
 i - a +2 plate armour of magic resistance
 t - a +8 plate armour of ponderousness (worn)
 A - the +1 pair of boots of the Stag (worn) {rPois rN+ MP+9}
   (You found it on level 4 of the Lair of Beasts)

   It protects you from poison.
   It protects you from negative energy.
   It affects your magic capacity (+9).
 D - the +1 cloak of Incorporation (worn) {+Inv rF+ Int+4 Dex+2}
   (Okawaru gifted it to you on level 5 of the Shoals)

   It affects your intelligence (+4).
   It affects your dexterity (+2).
   It protects you from fire.
   It lets you turn invisible.
 O - the +0 pair of boots of the Lute {+Blink rN+}
   (Okawaru gifted it to you on level 1 of the Elven Halls)

   It protects you from negative energy.
   It lets you blink.
 S - the +0 crystal plate armour of Benevolence {+Inv Str+2 Int-3 Stlth+}
   (You acquired it on level 1 of the Vaults)

   It affects your strength (+2).
   It affects your intelligence (-3).
   It lets you turn invisible.
   It makes you more stealthy.
 T - a +2 large shield (worn)
 U - the +0 hat "Ocloon" (worn) {Str+3}
   (Okawaru gifted it to you on level 15 of the Dungeon)

   It affects your strength (+3).
 X - a +2 pair of gloves (worn)
Jewellery
 a - an uncursed ring of sustain abilities
 b - the ring "Domuqoo" (right hand) {+Blink rF+ AC+1 Dex+5}
   (You bought it in a shop on level 3 of the Vaults)

   [ring of protection]

   It affects your AC (+1).
   It affects your dexterity (+5).
   It protects you from fire.
   It lets you blink.
 c - a +4 ring of evasion
 h - an uncursed ring of see invisible
 l - an amulet of resist corrosion (around neck)
 m - a +4 ring of strength
 r - an uncursed ring of protection from cold
 y - an uncursed ring of flight
 H - an uncursed ring of positive energy
 N - an uncursed ring of protection from cold
 W - an uncursed amulet of guardian spirit
 Y - the ring of Ila Dekh (left hand) {rElec rC- MR+++ AC+5 Dex-3}
   (You bought it in a shop on level 3 of the Vaults)

   [ring of protection]

   It affects your AC (+5).
   It affects your dexterity (-3).
   It makes you vulnerable to cold.
   It insulates you from electricity.
   It affects your resistance to hostile enchantments.
Scrolls
 s - 9 scrolls of fear
 u - 16 scrolls of teleportation
 x - a scroll of silence
 B - 16 scrolls of identify
 F - a scroll of holy word
 G - 11 scrolls of remove curse
 I - 4 scrolls of blinking
 J - 10 scrolls of recharging
 K - a scroll of enchant weapon
 M - 6 scrolls of fog
 P - 4 scrolls of magic mapping
 Q - 4 scrolls of summoning
Potions
 d - 4 potions of might
 f - 5 potions of haste
 j - 11 potions of restore abilities
 k - 6 potions of invisibility
 n - 2 potions of brilliance
 p - 4 potions of lignification
 q - 10 potions of heal wounds
 v - 25 potions of curing
 w - 4 potions of agility
 z - 12 potions of resistance
 L - a potion of flight
 R - 4 potions of cancellation
 V - a potion of cure mutation
Comestibles
 e - 25 bread rations
 g - 4 chunks of flesh
 o - 16 meat rations


   Skills:
 + Level 20.9 Fighting
 + Level 25.4(25.5) Axes
 + Level 3.1(17.8) Maces & Flails
 + Level 15.4 Armour
 + Level 8.8 Dodging
 + Level 2.4 Stealth
 + Level 22.2 Shields
 + Level 6.3 Invocations


You had 20 spell levels left.
You didn't know any spells.

Dungeon Overview and Level Annotations

Branches:
Dungeon (15/15)            Temple (1/1) D:5            Lair (8/8) D:8
 Shoals (5/5) Lair:5       Spider (5/5) Lair:6        Slime (0/6) Lair:7
    Orc (4/4) D:12            Elf (2/3) Orc:3        Vaults (5/5) D:13
  Crypt (0/3) Vaults:2     Depths (2/5) D:15

Altars:
Ashenzari
Cheibriados
Dithmenos
Elyvilon
Fedhas
Gozag
Kikubaaqudgha
Makhleb
Nemelex Xobeh
Okawaru
Qazlal
Ru
Sif Muna
Trog
Vehumet
Xom
Yredelemnul
Zin
The Shining One
Jiyva

Shops:
D:12 *   Orc:3 (   Orc:4 [[?*   Elf:1 :   Elf:2 *   Vaults:3 =   Vaults:4 [
Vaults:5 !   Depths:1 :

Portals:
Hell: Depths:1
Trove: D:11 (give wand of heal wounds (8))


Innate Abilities, Weirdness & Mutations

You reflexively headbutt those who attack you in melee.
You have a pair of horns on your head.
You have large cloven feet.
You have a somewhat thin skeletal structure (Dex +2, Stealth).


Message History

The stone giant hits you!
* * * LOW HITPOINT WARNING * * *
Y - the ring of Ila Dekh (left hand) {rElec rC- MR+++ AC+5 Dex-3} The titan gestures at you while chanting.
The bolt of lightning hits you! You resist.
* * * LOW HITPOINT WARNING * * *
You're too confused!
Drink which item? (? for menu, Esc to quit)
You feel much better. The stone giant hits you!
* * * LOW HITPOINT WARNING * * *
The titan hits you but does no damage.
Drink which item? (? for menu, Esc to quit)
You feel yourself speed up.
The yaktaur captain hits you but does no damage.
The stone giant hits you!!
* * * LOW HITPOINT WARNING * * *
You are very lightly contaminated with residual magic.
You bump into the heavily etched metal wall.
The stone giant hits you!
You die...

,,,**,*,,,*,##.....#.(.#,,*
,,,,******###.......$..#,,*
,,,**,,,,..........#...#,,*
,,**,,,,,..............#,,*
,**,,,,,,,.........#...#,,*
**,,#########..........#,,*
*,,##.#...#(##.....#)..#,,*
,,##.#.....#(##CLc.....#,,*
,##.#.......#.##@C.#...#,,*
##.#.........#)##......#,,*
#.#..†........#.##.#...#,,*
.#.............#.##....#,,*
#...............#.#....#..#
.................#........#
######################....#
.......,,,,,,,,,,,,,,,....#
........,,,,,,,,,,,,,,....#


You could see a titan, an ancient lich, a stone giant and a yaktaur captain.

Vanquished Creatures
  Nikola (Shoals:2)
  Xtahua (Vaults:5)
  Arachne (Spider:2)
  The ghost of Ontamu the Warrior, a mighty DsGl of Jiyva (Elf:2)
  Rupert (Lair:5)
  A deep elf blademaster (Elf:2)
  A quicksilver dragon (Vaults:5)
  2 tengu reavers (Vaults:5)
  The ghost of RobertPalmer the Sensei, a mighty DsCK of Xom (Shoals:5)
  A storm dragon (Vaults:4)
  The ghost of Lokkij the Impaler, a mighty VSWr of Dithmenos (Vaults:1)
  Roxanne (Shoals:5)
  4 frost giants
  A fire giant (Vaults:4)
  Donald (Shoals:1)
  Maud (Lair:4)
  3 ghost moths
  9 vault wardens
  2 deep elf sorcerers
  2 orc warlords
  4 emperor scorpions (Spider:5)
  12 stone giants
  5 ironheart preservers
  3 very ugly things
  Nessos (Lair:7)
  2 deep elf annihilators
  A deep elf demonologist (Elf:1)
  Snorg (Lair:8)
  6 fire dragons
  11 merfolk javelineers
  32 vault guards
  4 great orbs of eyes
  10 merfolk impalers
  Josephine (Orc:4)
  3 ettins
  9 yaktaur captains
  A deep elf high priest (Vaults:5)
  Fannar (Orc:2)
  7 hydras
  A rakshasa (Depths:1)
  3 ice dragons
  5 entropy weavers
  8 ogre magi
  A catoblepas (Lair:8)
  3 merfolk avatars
  A deep troll shaman (Depths:2)
  6 merfolk aquamancers
  2 satyrs
  4 alligator snapping turtles (Shoals:5)
  The ghost of panicbit the Cleaver, an experienced DrBe of Trog (D:9)
  8 centaur warriors
  11 death yaks
  23 dancing weapons
  3 salamander stormcallers
  4 deep troll earth magi
  4 tengu warriors
  Urug (Orc:1)
  2 orc high priests (Orc:3)
  2 wizards
  15 deep elf knights
  A fire crab (Lair:7)
  2 iron trolls (Depths:2)
  6 skeletal warriors
  7 hell knights (Depths:2)
  3 giant orange brains
  11 sea snakes
  5 deep trolls
  8 deep elf summoners
  A giant orange brain (shapeshifter) (Vaults:1)
  2 unseen horrors (Vaults:1)
  A flayed ghost (Vaults:4)
  2 hill giants
  A phantasmal warrior (Vaults:3)
  3 lindwurms
  2 necromancers
  11 ironbrand convokers
  8 orb spiders
  15 orc knights
  11 deep elf conjurers
  10 griffons
  5 cyclopes
  An orb spider (shapeshifter) (Vaults:4)
  32 ugly things
  23 harpies
  22 wolf spiders
  5 hornets (Spider:5)
  3 black mambas (shapeshifter)
  A tengu skeleton (Vaults:2)
  9 fauns
  9 manticores
  A moth of wrath (Spider:5)
  3 orc sorcerers
  A water nymph (Shoals:5)
  A stone giant skeleton (Vaults:2)
  A guardian serpent (shapeshifter) (Vaults:2)
  2 sphinx skeletons
  6 drowned souls
  6 sirens
  Maurice (D:13)
  A frost giant skeleton (Vaults:2)
  14 elephants
  A fire giant skeleton (Vaults:2)
  15 vault sentinels
  4 black mambas
  10 spiny frogs
  7 torpor snails
  4 kobold demonologists
  9 komodo dragons
  3 gargoyles
  An efreet (D:15)
  A blue devil (Orc:3)
  19 demonic crawlers
  A fire drake (shapeshifter) (Depths:1)
  3 yaktaur skeletons (Vaults:2)
  29 yaktaurs
  4 fire drakes
  A wandering mushroom (Lair:8)
  17 deep elf priests
  2 tengu conjurers (Depths:1)
  The ghost of Viceroy the Sneak, an experienced VSEn of Qazlal (D:4)
  2 harpy zombies (Shoals:3)
  A polar bear (Lair:7)
  4 wind drakes
  3 trolls
  23 jumping spiders
  A fire vortex (Vaults:3)
  41 merfolk
  8 snapping turtles
  A tengu simulacrum (Vaults:1)
  A freezing wraith (Vaults:4)
  17 two-headed ogres
  7 boulder beetles
  12 slime creatures
  2 giant leeches (Lair:8)
  An ettin zombie (Vaults:1)
  19 trapdoor spiders
  15 blink frogs
  2 griffon zombies (Shoals:3)
  8 ravens
  A shadow (D:14)
  11 water elementals
  54 redbacks
  24 tarantellas
  6 wraiths
  36 yaks
  A trapdoor spider (shapeshifter) (Vaults:4)
  A ynoxinul (D:15)
  25 deep elf magi
  30 deep elf fighters
  A golden eye (shapeshifter) (Depths:1)
  A basilisk (shapeshifter) (Depths:1)
  2 humans (D:13)
  2 steam dragons
  2 hogs (Volcano)
  9 basilisks
  9 vampire mosquitoes
  A salamander skeleton (Vaults:1)
  A hungry ghost (D:13)
  13 water moccasins
  15 hippogriffs
  10 wargs
  A soldier ant (D:13)
  7 mottled dragons
  13 wolves
  A hell hound (Volcano)
  12 porcupines
  60 orc warriors
  2 black bears
  2 eyes of draining
  4 sky beasts
  9 ice beasts
  23 spiders
  52 ogres
  36 centaurs
  A centaur (shapeshifter) (Depths:1)
  A phantom (D:13)
  6 wasps
  6 boggarts
  2 elf skeletons (Vaults:2)
  A boring beetle (Spider:3)
  16 crocodiles
  18 giant frogs
  6 big kobolds
  A glowing shapeshifter simulacrum (Vaults:2)
  A brain worm (shapeshifter) (Vaults:1)
  4 brain worms (Lair:8)
  5 elf zombies
  10 scorpions
  A hippogriff zombie (Shoals:3)
  5 wights (D:15)
  4 goliath beetles (Spider:3)
  3 killer bees (D:8)
  8 crimson imps
  4 centaur zombies
  4 electric eels
  7 hounds
  29 orc priests
  3 human zombies
  5 centaur skeletons
  A quasit (D:12)
  4 jellies
  A giant frog zombie (D:12)
  11 iguanas
  An iron imp (D:15)
  9 human skeletons
  39 orc wizards
  8 worker ants
  41 sheep
  15 hell rats
  A big kobold zombie (Ossuary)
  3 hound zombies
  A hound skeleton (D:10)
  4 mummies (Ossuary)
  6 gnolls (Bailey)
  47 river rats
  13 adders
  3 shadow imps
  A white imp (Spider:4)
  An ufetubus (D:15)
  An adder zombie (Ossuary)
  An ooze (D:6)
  2 adder skeletons
  17 worms (Lair:8)
  217 orcs
  A ball python (D:5)
  3 bat skeletons (D:6)
  A bat zombie (D:6)
  42 goblins
  41 hobgoblins
  11 jackals
  6 quokkas
  19 bats
  7 giant cockroaches
  6 giant geckos
  2 giant gecko skeletons
  6 giant newts
  A giant spore (D:12)
  A goblin zombie (Ossuary)
  28 kobolds
  An orc skeleton (D:5)
  3 orc zombies
  34 rats
  7 ballistomycetes
  3 butterflies
  2 crawling corpses (Vaults:3)
  10 fungi
  16 plants
2142 creatures vanquished.

Vanquished Creatures (others)
  Ilsuiw (Shoals:5)
  A fire giant (Vaults:5)
  A vault guard (Vaults:5)
  An ogre mage (Vaults:3)
  A great orb of eyes (Vaults:4)
  A dancing weapon (Elf:1)
  8 drowned souls
  A jumping spider (Spider:3)
  A two-headed ogre (Vaults:3)
  A water elemental (Shoals:5)
  A deep elf fighter (Elf:1)
  A sky beast (D:5)
  A spider (Spider:3)
  4 ogres
  A giant spore (D:10)
  A fungus (Lair:8)
  4 plants
30 creatures vanquished.

Grand Total: 2172 creatures vanquished

Notes
Turn   | Place    | Note
--------------------------------------------------------------
     0 | D:1      | panicbit, the Minotaur Fighter, began the quest for the Orb.
     0 | D:1      | Reached XP level 1. HP: 19/19 MP: 0/0
   307 | D:1      | Reached XP level 2. HP: 17/27 MP: 1/1
   384 | D:1      | Reached skill level 4 in Fighting
   775 | D:1      | Reached XP level 3. HP: 26/33 MP: 2/2
   904 | D:2      | Found a glowing golden altar of the Shining One.
   908 | D:2      | Found an opulent altar of Gozag.
   965 | D:2      | Found an ancient bone altar of Kikubaaqudgha.
   990 | D:2      | Found a snail-covered altar of Cheibriados.
  1004 | D:2      | Reached skill level 1 in Dodging
  1676 | D:3      | Reached XP level 4. HP: 41/41 MP: 3/3
  1729 | D:3      | Found a sacrificial altar of Ru.
  1869 | D:3      | Reached XP level 5. HP: 33/47 MP: 4/4
  2294 | D:3      | Reached skill level 5 in Fighting
  2582 | D:4      | Found a deep blue altar of Sif Muna.
  2582 | D:4      | Found a sacrificial altar of Ru.
  2585 | D:4      | Found a stormy altar of Qazlal.
  2613 | D:4      | Reached XP level 6. HP: 56/56 MP: 5/5
  2675 | D:4      | Noticed Viceroy's ghost (experienced VSEn)
  2765 | D:4      | Killed Viceroy's ghost
  2765 | D:4      | Reached skill level 5 in Armour
  2765 | D:4      | Reached skill level 5 in Shields
  3138 | D:4      | Reached XP level 7. HP: 61/61 MP: 6/6
  3389 | D:4      | Found a deep blue altar of Sif Muna.
  3420 | D:5      | Entered Level 5 of the Dungeon
  3706 | D:5      | Reached skill level 5 in Axes
  3989 | D:5      | Reached skill level 6 in Fighting
  4022 | D:5      | Found a sand-covered staircase.
  4041 | Ossuary  | Entered an ossuary
  4053 | Ossuary  | Reached XP level 8. HP: 30/70 MP: 7/7
  4596 | D:5      | Found a staircase to the Ecumenical Temple.
  4606 | Temple   | Entered the Ecumenical Temple
  4676 | Temple   | Became a worshipper of Warmaster Okawaru
  4911 | D:6      | Reached skill level 7 in Fighting
  4970 | D:6      | Reached skill level 5 in Dodging
  5258 | D:6      | Acquired Okawaru's first power
  5454 | D:6      | Reached XP level 9. HP: 63/79 MP: 8/8
  5583 | D:7      | Got a pair of fine boots
  5589 | D:7      | Identified the +1 pair of boots of Feasting {Contam rF+ Dex+6} (You found it on level 7 of the Dungeon)
  5643 | D:7      | Reached skill level 8 in Axes
  5751 | D:7      | You fall through a shaft for 2 floors!
  5881 | D:9      | Found a sparkling altar of Nemelex Xobeh.
  6130 | D:9      | Reached skill level 1 in Invocations
  6130 | D:9      | Reached skill level 9 in Axes
  6243 | D:9      | Noticed panicbit's ghost (experienced DrBe)
  6332 | D:9      | Reached XP level 10. HP: 28/90 MP: 6/9
  6981 | D:8      | Found a staircase to the Lair.
  6990 | D:8      | Reached skill level 10 in Axes
  7725 | D:10     | Entered Level 10 of the Dungeon
  7883 | D:10     | Reached skill level 11 in Axes
  8144 | D:10     | Noticed a hill giant
  8166 | D:10     | Killed a hill giant
  9133 | D:11     | Reached XP level 11. HP: 94/97 MP: 11/11
  9182 | D:11     | Noticed an orc knight
  9201 | D:11     | Killed an orc knight
  9201 | D:11     | Acquired Okawaru's second power
  9433 | D:11     | Reached skill level 12 in Axes
  9613 | D:11     | Reached skill level 10 in Shields
  9618 | D:11     | Reached skill level 10 in Fighting
  9682 | D:11     | Noticed a cyclops
  9702 | D:11     | Killed a cyclops
  9818 | D:11     | Found a portal to a secret trove of treasure.
 10147 | D:12     | Received a gift from Okawaru
 10153 | D:12     | Found Deaduiw's Assorted Antiques.
 10165 | D:12     | Bought a scroll of identify for 48 gold pieces
 10165 | D:12     | Bought a scroll of identify for 48 gold pieces
 10165 | D:12     | Bought 2 scrolls of identify for 96 gold pieces
 10165 | D:12     | Bought a twisted wooden wand for 96 gold pieces
 10165 | D:12     | Bought a yellow potion for 21 gold pieces
 10165 | D:12     | Bought 2 silvery potions for 43 gold pieces
 10165 | D:12     | Bought a scroll of identify for 48 gold pieces
 10165 | D:12     | Bought a scroll of teleportation for 72 gold pieces
 10380 | D:12     | Identified a +0 rod of destruction (14/14) (You found it on level 10 of the Dungeon)
 10472 | D:12     | Noticed a hill giant
 10481 | D:12     | Killed a hill giant
 10509 | D:12     | Found a staircase to the Orcish Mines.
 10628 | D:13     | Noticed a vault guard
 10635 | D:13     | Noticed a vault guard
 10641 | D:13     | Noticed Maurice
 10642 | D:13     | Noticed an ice devil
 10645 | D:13     | Reached skill level 13 in Axes
 10647 | D:13     | Reached skill level 1 in Stealth
 10662 | D:13     | Killed Maurice
 10712 | D:13     | Killed a vault guard
 10712 | D:13     | Reached XP level 12. HP: 92/110 MP: 10/12
 10724 | D:13     | Found a gate to the Vaults.
 10724 | D:13     | Noticed a vault guard
 10725 | D:13     | Noticed a vault guard
 10736 | D:13     | Killed a vault guard
 10744 | D:13     | Killed a vault guard
 10845 | D:13     | Found a labyrinth entrance.
 10855 | Lab      | Entered a labyrinth
 10993 | Lab      | Noticed a minotaur
 11171 | D:13     | Reached skill level 10 in Armour
 11198 | D:13     | You fall through a shaft!
 11209 | D:14     | Reached skill level 14 in Axes
 11436 | D:13     | Received a gift from Okawaru
 11437 | D:13     | Got a bloodstained broad axe {god gift}
 11447 | D:13     | Identified the +5 broad axe of the Onslaught {vamp, rN+ Str+3} (Okawaru gifted it to you on level 13 of the Dungeon)
 11598 | D:13     | Killed a vault guard
 12476 | D:15     | Entered Level 15 of the Dungeon
 12495 | D:15     | Noticed a seven-headed hydra
 12508 | D:15     | Killed a seven-headed hydra
 12573 | D:15     | Noticed a six-headed hydra
 12585 | D:15     | Killed a six-headed hydra
 12585 | D:15     | Received a gift from Okawaru
 12585 | D:15     | Reached skill level 1 in Maces & Flails
 12585 | D:15     | Reached XP level 13. HP: 103/119 MP: 14/14
 12601 | D:15     | Noticed a centaur warrior
 12614 | D:15     | Killed a centaur warrior
 12624 | D:15     | Reached skill level 15 in Axes
 12705 | D:15     | Got a steaming war axe
 12706 | D:15     | Identified the +6 war axe of Ytie {chop, rElec MP+9 Dex+2} (You found it on level 15 of the Dungeon)
 13040 | D:15     | Noticed an ice dragon
 13052 | D:15     | Noticed an ice dragon
 13055 | D:15     | Killed an ice dragon
 13431 | D:15     | Found a staircase to the Depths.
 13437 | D:15     | Killed an ice dragon
 13437 | D:15     | Received a gift from Okawaru
 13438 | D:15     | Got a warped hat {god gift}
 13444 | D:15     | Identified the +0 hat "Ocloon" {Str+3} (Okawaru gifted it to you on level 15 of the Dungeon)
 13588 | D:15     | Gained mutation: Your body is slowly deteriorating. [mutagenic glow]
 14179 | Lair:1   | Entered Level 1 of the Lair of Beasts
 16123 | Lair:2   | Reached skill level 16 in Axes
 16994 | Lair:3   | Found a dark tunnel.
 16999 | Volcano  | Entered a volcano
 17894 | Lair:4   | Noticed Maud
 17906 | Lair:4   | Killed Maud
 18038 | Lair:4   | Got a pair of heavily runed boots
 18049 | Lair:4   | Identified the +1 pair of boots of the Stag {rPois rN+ MP+9} (You found it on level 4 of the Lair of Beasts)
 18069 | Lair:4   | Gained mutation: You are partially covered in slimy green scales (AC +2). [mutagenic glow]
 18124 | Lair:4   | Reached XP level 14. HP: 90/129 MP: 15/15
 18914 | Lair:5   | Noticed Rupert
 18933 | Lair:5   | Killed Rupert
 19205 | Lair:5   | Found a staircase to the Shoals.
 19887 | Lair:6   | Received a gift from Okawaru
 20058 | Lair:6   | Found a hole to the Spider Nest.
 20060 | Lair:6   | Reached skill level 17 in Axes
 20614 | Lair:7   | Found a viscous altar of Jiyva.
 20614 | Lair:7   | Found a staircase to the Slime Pits.
 20623 | Lair:7   | Found an ancient bone altar of Kikubaaqudgha.
 20974 | Lair:7   | Noticed Nessos
 20990 | Lair:7   | Killed Nessos
 21600 | Lair:8   | Entered Level 8 of the Lair of Beasts
 21630 | Lair:8   | Reached XP level 15. HP: 139/139 MP: 16/16
 21663 | Lair:8   | Received a gift from Okawaru
 21674 | Lair:8   | Reached skill level 15 in Shields
 21716 | Lair:8   | Received a gift from Okawaru
 21716 | Lair:8   | Reached skill level 18 in Axes
 21717 | Lair:8   | Got an ichor-stained war axe {god gift}
 21834 | Lair:8   | Noticed Snorg
 21845 | Lair:8   | Killed Snorg
 21859 | Lair:8   | Found a runed door.
 22283 | Lair:8   | Lost mutation: You are partially covered in slimy green scales (AC +2). [potion of cure mutation]
 22283 | Lair:8   | Lost mutation: Your body is slowly deteriorating. [potion of cure mutation]
 22406 | Lair:8   | Reached skill level 15 in Fighting
 24144 | Orc:1    | Entered Level 1 of the Orcish Mines
 24144 | Orc:1    | Noticed Urug
 24166 | Orc:1    | Killed Urug
 24792 | Orc:2    | Noticed Fannar
 24807 | Orc:2    | Killed Fannar
 25112 | Orc:3    | Found a staircase to the Elven Halls.
 25129 | Orc:3    | Found a flagged portal.
 25136 | Bailey   | Entered a bailey
 25424 | Bailey   | Received a gift from Okawaru
 25467 | Bailey   | Gained mutation: You have a somewhat thin skeletal structure (Dex +2, Stealth). [potion of beneficial mutation]
 25550 | Orc:3    | Found Curisiub's Antique Weapon Shop.
 25840 | Orc:3    | Reached skill level 19 in Axes
 26210 | Orc:4    | Entered Level 4 of the Orcish Mines
 26341 | Orc:4    | Received a gift from Okawaru
 26503 | Orc:4    | Noticed Josephine
 26513 | Orc:4    | Killed Josephine
 26546 | Orc:4    | Found Vetap's Armour Emporium.
 26546 | Orc:4    | Found Axahanai's Magic Scroll Shop.
 26561 | Orc:4    | Found Gatunn's Armour Shoppe.
 26569 | Orc:4    | Found Ughuicw's General Store.
 26576 | Orc:4    | Bought a scroll of identify for 28 gold pieces
 26576 | Orc:4    | Bought a scroll of enchant weapon for 105 gold pieces
 26576 | Orc:4    | Bought a scroll of blinking for 105 gold pieces
 26576 | Orc:4    | Bought a scroll of magic mapping for 49 gold pieces
 26578 | Orc:4    | Bought the +1 cloak of the Engineer {Stlth+} for 231 gold pieces
 26936 | Elf:1    | Entered Level 1 of the Elven Halls
 27293 | Shoals:1 | Entered Level 1 of the Shoals
 27529 | Shoals:1 | Reached XP level 16. HP: 149/149 MP: 18/18
 27544 | Shoals:1 | Noticed Donald
 27560 | Shoals:1 | Killed Donald
 27560 | Shoals:1 | Received a gift from Okawaru
 28251 | Shoals:2 | Noticed Nikola
 28264 | Shoals:2 | Killed Nikola
 29458 | Shoals:3 | Received a gift from Okawaru
 29806 | Shoals:3 | Reached skill level 20 in Axes
 30801 | Shoals:5 | Entered Level 5 of the Shoals
 30801 | Shoals:5 | Noticed Ilsuiw
 30801 | Shoals:5 | Noticed Roxanne
 30878 | Shoals:5 | Killed Ilsuiw
 31497 | Shoals:5 | Received a gift from Okawaru
 31498 | Shoals:5 | Got a jewelled cloak {god gift}
 31522 | Shoals:5 | Reached XP level 17. HP: 89/160 MP: 19/19
 31630 | Shoals:5 | Identified the +1 cloak of Incorporation {+Inv rF+ Int+4 Dex+2} (Okawaru gifted it to you on level 5 of the Shoals)
 31826 | Shoals:5 | Noticed RobertPalmer's ghost (mighty DsCK)
 31861 | Shoals:5 | Killed RobertPalmer's ghost
 31861 | Shoals:5 | Reached skill level 5 in Invocations
 31901 | Shoals:5 | Got a barnacled rune of Zot
 32776 | Shoals:5 | Killed Roxanne
 33342 | Spider:1 | Entered Level 1 of the Spider Nest
 33368 | Spider:1 | Received a gift from Okawaru
 33723 | Spider:3 | Reached skill level 21 in Axes
 34040 | Spider:5 | Entered Level 5 of the Spider Nest
 34464 | Spider:5 | Received a gift from Okawaru
 34627 | Spider:5 | Reached XP level 18. HP: 81/170 MP: 0/21
 34804 | Spider:5 | Got a gossamer rune of Zot
 36202 | Spider:2 | Noticed Arachne
 36219 | Spider:2 | Killed Arachne
 36219 | Spider:2 | Received a gift from Okawaru
 36727 | Spider:1 | Identified a scroll of acquirement
 37388 | D:9      | Noticed an ogre mage
 37397 | D:9      | Killed an ogre mage
 37479 | D:9      | Killed panicbit's ghost
 37767 | Elf:1    | Reached skill level 22 in Axes
 38092 | Elf:1    | Received a gift from Okawaru
 38095 | Elf:1    | Got a pair of jewelled boots {god gift}
 38129 | Elf:1    | Identified the +0 pair of boots of the Lute {+Blink rN+} (Okawaru gifted it to you on level 1 of the Elven Halls)
 38211 | Elf:1    | Gained mutation: You have large cloven feet. [potion of beneficial mutation]
 38381 | Elf:1    | Found Dutit's Book Boutique.
 38514 | Elf:2    | Found Cuary's Assorted Antiques.
 38595 | Elf:2    | Noticed Ontamu's ghost (mighty DsGl)
 38622 | Elf:2    | Killed Ontamu's ghost
 38665 | Elf:2    | Found a runed gate.
 38665 | Elf:2    | Found a runed gate.
 38665 | Elf:2    | Found a runed gate.
 38838 | Elf:2    | Bought a potion of curing for 117 gold pieces
 38838 | Elf:2    | Bought a pair of embroidered gloves for 175 gold pieces
 38838 | Elf:2    | Bought a potion of curing for 117 gold pieces
 38838 | Elf:2    | Bought a potion of cancellation for 312 gold pieces
 39412 | Elf:2    | Reached XP level 19. HP: 138/180 MP: 22/22
 40807 | Depths:1 | Entered Level 1 of the Depths
 41014 | Depths:1 | Found Weuseh's One-of-a-Kind Books.
 41105 | Depths:1 | Reached skill level 23 in Axes
 41144 | Depths:1 | Received a gift from Okawaru
 41538 | Depths:1 | Found a snail-covered altar of Cheibriados.
 41674 | Depths:1 | Found a gateway to Hell.
 42184 | Depths:2 | Received a gift from Okawaru
 42779 | Vaults:1 | Entered Level 1 of the Vaults
 42962 | Vaults:1 | Noticed Lokkij's ghost (mighty VSWr)
 42979 | Vaults:1 | Killed Lokkij's ghost
 43667 | Vaults:1 | Received a gift from Okawaru
 43668 | Vaults:1 | Got a fine flail {god gift}
 43669 | Vaults:1 | Identified the +8 flail of the Common Good {venom, *Rage rElec Str+7} (Okawaru gifted it to you on level 1 of the Vaults)
 43810 | Vaults:1 | Got a shimmering crystal plate armour
 43823 | Vaults:1 | Identified the +0 crystal plate armour of Benevolence {+Inv Str+2 Int-3 Stlth+} (You acquired it on level 1 of the Vaults)
 43867 | Vaults:1 | Reached XP level 20. HP: 191/191 MP: 23/23
 44799 | Vaults:2 | Received a gift from Okawaru
 44804 | Vaults:2 | Reached skill level 24 in Axes
 44805 | Vaults:2 | Found a staircase to the Crypt.
 45581 | Vaults:3 | Reached skill level 15 in Armour
 45756 | Vaults:3 | Received a gift from Okawaru
 45867 | Vaults:3 | Found Yduoq's Jewellery Boutique.
 45882 | Vaults:3 | Bought an uncursed ring of protection from cold for 475 gold pieces
 45882 | Vaults:3 | Bought the ring of Ila Dekh {rElec rC- MR+++ AC+5 Dex-3} for 1271 gold pieces
 45882 | Vaults:3 | Bought the ring "Domuqoo" {+Blink rF+ AC+1 Dex+5} for 655 gold pieces
 45883 | Vaults:3 | Bought a +4 ring of strength for 513 gold pieces
 45883 | Vaults:3 | Bought a +4 ring of evasion for 684 gold pieces
 47580 | Vaults:4 | Found Beigg's Antique Armour Shop.
 48155 | Vaults:5 | Entered Level 5 of the Vaults
 48163 | Vaults:5 | Noticed Xtahua
 48163 | Vaults:5 | Reached XP level 21. HP: 202/202 MP: 24/24
 48178 | Vaults:5 | Reached skill level 25 in Axes
 48185 | Vaults:5 | Received a gift from Okawaru
 48198 | Vaults:5 | Killed Xtahua
 48320 | Vaults:5 | Found Meibi's Distillery.
 48345 | Vaults:5 | Got a silver rune of Zot
 48352 | Vaults:5 | Bought a potion of resistance for 160 gold pieces
 48352 | Vaults:5 | Bought a potion of might for 64 gold pieces
 48352 | Vaults:5 | Bought a potion of heal wounds for 80 gold pieces
 48352 | Vaults:5 | Bought a potion of curing for 48 gold pieces
 48352 | Vaults:5 | Bought a potion of curing for 48 gold pieces
 48352 | Vaults:5 | Bought a potion of curing for 48 gold pieces
 48352 | Vaults:5 | Bought a potion of haste for 160 gold pieces
 48352 | Vaults:5 | Bought a potion of lignification for 48 gold pieces
 48352 | Vaults:5 | Bought a potion of heal wounds for 80 gold pieces
 48443 | Vaults:5 | Noticed an ancient lich
 48459 | Vaults:5 | Slain by a stone giant

Action                   |  1- 3 |  4- 6 |  7- 9 | 10-12 | 13-15 | 16-18 | 19-21 || total
-------------------------+-------+-------+-------+-------+-------+-------+-------++-------
Melee: War axe           |   121 |   114 |   332 |   425 |     2 |       |       ||   994
       Broad axe         |       |       |       |   239 |  1242 |  1536 |  1213 ||  4230
       Flail             |       |       |       |    15 |       |       |       ||    15
       Morningstar       |       |       |       |       |    29 |       |       ||    29
Invok: Heroism           |       |       |     3 |     8 |    17 |    12 |     6 ||    46
       Finesse           |       |       |       |     1 |     6 |    10 |     4 ||    21
  Use: Potion            |       |       |     1 |       |     3 |     5 |     2 ||    11
       Scroll            |       |       |    13 |    26 |    22 |    11 |     9 ||    81
 Stab: Petrifying        |       |       |       |       |     2 |       |       ||     2
       Distracted        |       |       |       |       |       |       |     1 ||     1
  Eat: Chunk             |     3 |     4 |     8 |    16 |    27 |    23 |    16 ||    97
       Beef jerky        |       |       |     2 |     2 |     1 |    10 |     4 ||    19
       Pizza             |       |       |       |     1 |     1 |     2 |     3 ||     7
       Royal jelly       |       |       |       |     1 |     3 |     1 |       ||     5
       Meat ration       |       |       |       |     1 |       |       |     1 ||     2
       Fruit             |       |       |       |       |    19 |       |       ||    19
